 Dungeon Crawl Stone Soup version 0.17.1-1-g73c8601 (webtiles) character file.

9914 JustSomeDude the Nimble (level 11, -15/84 HPs)
             Began as a Demonspawn Monk on Dec 17, 2015.
             Was a High Priest of Nemelex Xobeh.
             Killed from afar by an orc sorcerer (40 damage)
             ... with a bolt of fire
             ... while paralysed by an orc sorcerer
             ... on level 4 of the Orcish Mines.
             The game lasted 01:12:06 (8591 turns).

JustSomeDude the Nimble (Demonspawn Monk)           Turns: 8591, Time: 01:12:06

Health: -15/84     AC: 12    Str: 14    XL:     11   Next: 29%
Magic:  0/16       EV:  2    Int: 11    God:    Nemelex Xobeh [*****.]
Gold:   983        SH:  0    Dex: 22    Spells: 0 memorised, 10 levels left

rFire  . . .     SeeInvis .     K - +4 demon blade (pain)
rCold  . . .     Clarity  .     D - +0 ring mail
rNeg   + . .     SustAt   .     (no shield)
rPois  .         Gourm    .     l - +0 helmet
rElec  .         Spirit   +     (no cloak)
rCorr  .         Warding  +     E - +2 pair of gloves
rMut   .         Stasis   .     (no boots)
MR     .....                    T - amulet of warding
Stlth  ++++......               w - ring of stealth
                                c - +5 ring of dexterity

@: paralysed, not resistant to hostile enchantments, stealthy
A: claws 1, hooves 2, slimy green scales 1, powered by death 3, magic shield,
magic regeneration
a: Triple Draw, Deal Four, Stack Five, Renounce Religion


You were on level 4 of the Orcish Mines.
You worshipped Nemelex Xobeh.
Nemelex Xobeh was extremely pleased with you.
You were not hungry.

You visited 4 branches of the dungeon, and saw 15 of its levels.
You also visited: Ossuary.

You collected 1689 gold pieces.
You spent 706 gold pieces at shops.

Inventory:

Hand Weapons
 K - a +4 demon blade of pain (weapon)
 X - the +5 arbalest of Bloodstone {freeze, *Corrode rC+ Dex+4, unknown}
   (You found it on level 8 of the Dungeon)

   It causes projectiles fired from it to freeze those they strike, causing
   extra injury to most foes and up to half again as much damage against
   particularly susceptible opponents.
   They can also slow down cold-blooded creatures.
   It affects your dexterity (+4).
   It protects you from cold.
   It may corrode your equipment when you take damage.
Missiles
 Q - 16 tomahawks (quivered)
Armour
 l - a +0 helmet (worn)
 D - a +0 ring mail (worn)
 E - a +2 pair of gloves (worn)
Jewellery
 c - a +5 ring of dexterity (left hand)
 w - a ring of stealth (right hand)
 B - an uncursed amulet of rage
 C - an uncursed ring of flight
 T - an amulet of warding (around neck)
Wands
 a - a wand of frost (25)
 b - a wand of flame (19)
 m - a wand of magic darts (28)
 u - a wand of slowing (37)
 J - a wand of fire (8)
 L - a wand of digging (9)
 M - a wand of random effects (22)
 O - a wand of cold (5)
Scrolls
 d - 2 scrolls of magic mapping
 g - 4 scrolls of identify
 h - a scroll of remove curse
 j - 4 scrolls of teleportation
 r - a scroll of recharging
 y - 2 scrolls of enchant armour
Potions
 e - 3 potions of curing
 k - a potion of magic
 o - 3 potions of brilliance
 x - a potion of haste
 G - 5 potions of cancellation
Books
 I - a book of Annihilations

   Spells                             Type                      Level
   a - Poison Arrow                   Conjuration/Poison           6
   b - Chain Lightning                Conjuration/Air              8
   c - Lehudib's Crystal Spear        Conjuration/Earth            8
   d - Glaciate                       Conjuration/Ice              9
   e - Fire Storm                     Conjuration/Fire             9
Miscellaneous
 i - a plain deck of defence
 n - a legendary deck of escape {drawn: 5}
 p - a plain deck of destruction {drawn: 1}
 F - a disc of storms
 Z - an ornate deck of destruction {drawn: 6}
Comestibles
 f - a meat ration
 H - a beef jerky
 P - 2 fruits


   Skills:
 + Level 7.5 Fighting
   Level 0.1(2.7) Short Blades
 * Level 4.4(4.5) Long Blades
 + Level 1.5 Throwing
 + Level 5.3 Armour
 + Level 8.5 Dodging
 + Level 5.3 Stealth
 - Level 7.5 Unarmed Combat
 * Level 7.2 Evocations


You had 10 spell levels left.
You didn't know any spells.

Dungeon Overview and Level Annotations

Branches:
Dungeon (9/15)             Temple (1/1) D:7             Orc (4/4) D:9
    Elf (1/3) Orc:3
   Lair: D:8-11

Altars:
Ashenzari
Cheibriados
Dithmenos
Elyvilon
Fedhas
Gozag
Kikubaaqudgha
Makhleb
Nemelex Xobeh
Okawaru
Trog
Vehumet
Xom
Yredelemnul
Zin
The Shining One
Beogh

Shops:
Orc:2 (   Orc:3 (   Orc:4 ??}

Annotations:
D:3 exclusion: oklob plant


Innate Abilities, Weirdness & Mutations

You have hoof-like feet.
You are partially covered in slimy green scales (AC +2).
You regenerate a lot of health from kills.
When hurt, damage is shared between your health and your magic reserves.
You regenerate magic rapidly.
You have sharp fingernails.


Message History

The orc sorcerer hits you but does no damage.
The red devil disappears in a puff of smoke!
The orc wizard casts a spell.
The orc wizard seems to speed up.
The orc sorcerer gestures wildly while chanting.
The red devil's attack is warded away.
Your magical contamination has completely faded away.
The orc sorcerer casts a spell.
The orc wizard casts a cantrip, but nothing happens.
The orc sorcerer gestures at you while chanting.
You shrug off the repeated paralysis!
The red devil hits you from afar with an enchanted trident!
The orc sorcerer hits you but does no damage.
You feel less regenerative.
The red devil hits you from afar with an enchanted trident!
* * * LOW HITPOINT WARNING * * *
The orc sorcerer points at you and mumbles some strange words.
The bolt of fire hits you!
You die...
Your body disappears without a glow.

*8..8..§_.§.8§§8*#.....
*#§..≈≈§oo≈§..≈#*#.....
#≈...≈≈§≈§...≈# ####..
****#≈..8.≈≈≈.8..≈#######.
**≈≈≈*#.....8.....##≈≈≈#*##
**≈≈.,,*#.........##...≈≈*##
**≈**#8.,*#..3....##.≈8###≈##
*≈≈*_.....###o')###....._#§≈#
*≈,*,.......@.o.)o.)≈...§#.≈#
*≈,8,........4.O..§.....§8.§#
**,,,......§≈4≈≈≈≈.)..(.)§.##
***,,......≈#####≈....)...###
*≈#+#'###...****#..)###'#'#≈#
*≈....,*#§..,,.....≈##.)...≈#
*≈..8..*#≈..,..O...≈##.§8..≈#
**≈....§*#≈.8..∩..8.≈##≈§...≈#
*≈≈§...≈###############≈§§§§≈≈


You could see a hellwing, a smoke demon, 3 orc sorcerers, a red devil, an ogre
and 2 orc wizards.

Vanquished Creatures
  An ogre mage (Orc:4)
  4 orc sorcerers (Orc:4)
  2 deep elf magi (Orc:4)
  A shadow (D:8)
  2 wyverns (D:8)
  Duvessa (D:7)
  An ice beast (D:8)
  A sky beast (D:8)
  10 orc warriors
  A phantom (D:4)
  A black bear (D:7)
  3 ogres
  A centaur (D:6)
  Dowan (D:7)
  2 water moccasin zombies
  2 giant frogs (D:8)
  3 scorpions
  A water moccasin skeleton (D:8)
  2 wights (D:8)
  5 crimson imps
  A wasp zombie (D:7)
  A giant frog zombie (D:5)
  A quasit (D:8)
  5 hounds
  12 orc priests
  A jelly (D:6)
  18 orc wizards
  A centaur skeleton (D:7)
  4 worker ants
  2 big kobold zombies (Ossuary)
  2 hound skeletons
  2 mummies (Ossuary)
  A worker ant zombie (D:7)
  8 adders
  2 gnolls (D:5)
  3 shadow imps
  A white imp (Orc:4)
  An adder skeleton (D:8)
  2 adder zombies (Ossuary)
  A worm (D:2)
  6 giant geckos
  113 orcs
  9 bats
  4 giant cockroaches
  12 goblins
  10 hobgoblins
  6 jackals
  3 kobolds
  A ball python (D:3)
  A giant cockroach zombie (D:5)
  3 giant gecko skeletons
  4 giant newts
  A gnoll zombie (Ossuary)
  3 hobgoblin zombies (Ossuary)
  A jackal skeleton (D:8)
  2 jackal zombies
  2 kobold zombies (Ossuary)
  3 orc zombies (Ossuary)
  4 quokkas
  2 quokka skeletons
  10 rats
  2 butterflies (D:5)
316 creatures vanquished.

Vanquished Creatures (collateral kills)
  A stone giant (Orc:4)
  The ghost of Nicoed the Protected, a journeyman FoAr of the Shining One (Orc:4)
  Erolcha (Orc:4)
  An orc knight (Orc:2)
  A two-headed ogre (D:8)
  A basilisk (D:8)
  A swamp drake (Orc:4)
  9 orc warriors
  A sky beast (D:9)
  An ice beast (D:9)
  A phantom (D:8)
  A necrophage (D:5)
  4 water moccasin zombies (Ossuary)
  A scorpion (D:8)
  The ghost of stopWatchingMe the Grave Robber, a weakling HONe (D:3)
  A giant frog zombie (D:8)
  2 orc priests
  12 orc wizards
  An iron imp (Orc:4)
  A worker ant (D:8)
  A big kobold zombie (Ossuary)
  3 gnolls
  2 adders (D:8)
  A shadow imp (Orc:4)
  An adder zombie (Ossuary)
  A worm (D:3)
  32 orcs
  A giant cockroach (D:7)
  2 gnoll zombies (Ossuary)
  2 hobgoblin zombies (Ossuary)
  2 kobold zombies (Ossuary)
  4 orc zombies (Ossuary)
95 creatures vanquished.

Vanquished Creatures (others)
  2 orcs (Orc:4)
2 creatures vanquished.

Grand Total: 413 creatures vanquished

Notes
Turn   | Place    | Note
--------------------------------------------------------------
     0 | D:1      | JustSomeDude the Demonspawn Monk began the quest for the Orb.
     0 | D:1      | Reached XP level 1. HP: 18/18 MP: 1/1
   147 | D:1      | Gained mutation: You regenerate a little health from kills. [demonic ancestry]
   147 | D:1      | Reached XP level 2. HP: 17/24 MP: 2/2
   412 | D:1      | Reached skill level 4 in Unarmed Combat
   640 | D:1      | Gained mutation: You have large cloven feet. [demonic ancestry]
   640 | D:1      | Reached XP level 3. HP: 29/29 MP: 3/3
   891 | D:2      | Reached XP level 4. HP: 13/35 MP: 4/4
  1263 | D:2      | Found a sparkling altar of Nemelex Xobeh.
  1278 | D:2      | Became a worshipper of Nemelex Xobeh the Trickster
  1278 | D:2      | Received a gift from Nemelex Xobeh
  1278 | D:2      | Reached * piety under Nemelex Xobeh
  1278 | D:2      | Received a gift from Nemelex Xobeh
  1278 | D:2      | Received a gift from Nemelex Xobeh
  1278 | D:2      | Reached ** piety under Nemelex Xobeh
  1424 | D:3      | Found a blossoming altar of Fedhas.
  1450 | D:3      | Noticed an oklob plant
  1535 | D:3      | Received a gift from Nemelex Xobeh
  1547 | D:3      | Found a burning altar of Makhleb.
  1589 | D:3      | Noticed stopWatchingMe's ghost (weakling HONe)
  1599 | D:3      | HP: 1/35 [stopWatchingMe's ghost (2)]
  1601 | D:3      | You fall through a shaft for 2 floors!
  1601 | D:5      | Entered Level 5 of the Dungeon
  1812 | D:5      | Found an ancient bone altar of Kikubaaqudgha.
  1853 | D:5      | Found a bloodstained altar of Trog.
  1968 | D:3      | Gained mutation: You are partially covered in slimy green scales (AC +2). [demonic ancestry]
  1968 | D:3      | Reached XP level 5. HP: 41/41 MP: 5/5
  2041 | D:3      | Killed stopWatchingMe's ghost
  2393 | D:4      | Reached *** piety under Nemelex Xobeh
  2475 | D:4      | Received a gift from Nemelex Xobeh
  2478 | D:4      | Noticed a phantom
  2507 | D:4      | Killed a phantom
  2532 | D:4      | Gained mutation: When hurt, damage is shared between your health and your magic reserves. [demonic ancestry]
  2532 | D:4      | Reached XP level 6. HP: 46/48 MP: 6/6
  3005 | D:5      | Received a gift from Nemelex Xobeh
  3115 | D:5      | Noticed a necrophage
  3129 | D:5      | Killed a necrophage
  3129 | D:5      | Reached skill level 1 in Evocations
  3342 | D:5      | Found a shattered altar of Ashenzari.
  3524 | D:5      | Got a distressingly furry leather armour
  3540 | D:5      | Reached skill level 1 in Armour
  3540 | D:5      | Gained mutation: You have hoof-like feet. [demonic ancestry]
  3540 | D:5      | Reached XP level 7. HP: 54/54 MP: 8/8
  3542 | D:5      | Identified the cursed +0 leather armour of the Orcish Mines {MP+9 Slay+3} (You found it on level 5 of the Dungeon)
  3561 | D:5      | Found a shimmering altar of Xom.
  3832 | D:6      | Reached skill level 5 in Dodging
  3966 | D:6      | Reached skill level 5 in Unarmed Combat
  4038 | D:6      | Reached **** piety under Nemelex Xobeh
  4434 | D:6      | Gained mutation: You regenerate magic rapidly. [demonic ancestry]
  4434 | D:6      | Reached XP level 8. HP: 32/61 MP: 4/10
  4564 | D:7      | Noticed Duvessa
  4565 | D:7      | Noticed Dowan
  4585 | D:7      | Killed Duvessa
  4593 | D:7      | Killed Dowan
  4623 | D:7      | Found a basalt altar of Yredelemnul.
  4693 | D:7      | Reached skill level 5 in Fighting
  4706 | D:7      | Found a staircase to the Ecumenical Temple.
  4734 | Temple   | Entered the Ecumenical Temple
  4763 | Temple   | Received a gift from Nemelex Xobeh
  5027 | D:7      | Found a radiant altar of Vehumet.
  5254 | D:7      | Reached skill level 6 in Unarmed Combat
  5513 | D:8      | Reached XP level 9. HP: 62/69 MP: 12/12
  5611 | D:8      | Found a sand-covered staircase.
  5619 | Ossuary  | Entered an ossuary
  5631 | Ossuary  | Received a gift from Nemelex Xobeh
  6012 | D:8      | Got an ebony arbalest
  6065 | D:8      | Reached skill level 5 in Evocations
  6080 | D:8      | Reached skill level 7 in Unarmed Combat
  6147 | D:8      | Noticed a two-headed ogre
  6162 | D:8      | Killed a two-headed ogre
  6341 | D:9      | Found a roughly hewn altar of Beogh.
  6341 | D:9      | Found a staircase to the Orcish Mines.
  6386 | D:9      | Gained mutation: You regenerate health from kills. [demonic ancestry]
  6386 | D:9      | Reached XP level 10. HP: 77/77 MP: 10/14
  6426 | Orc:1    | Entered Level 1 of the Orcish Mines
  6964 | Orc:2    | Noticed a green ugly thing
  6985 | Orc:2    | Noticed an orc knight
  7001 | Orc:2    | Killed an orc knight
  7076 | Orc:2    | Found Tagg's Antique Weapon Shop.
  7119 | Orc:2    | Reached ***** piety under Nemelex Xobeh
  7137 | Orc:2    | Found a burning altar of Makhleb.
  7318 | Orc:2    | Bought a glowing demon blade for 510 gold pieces
  7325 | Orc:2    | Received a gift from Nemelex Xobeh
  7590 | Orc:3    | Found Muhusiot's Antique Weapon Boutique.
  7628 | Orc:3    | Found a staircase to the Elven Halls.
  7677 | Elf:1    | Entered Level 1 of the Elven Halls
  7693 | Orc:4    | Entered Level 4 of the Orcish Mines
  7763 | Orc:3    | Reached skill level 1 in Long Blades
  7891 | Orc:4    | Found a roughly hewn altar of Beogh.
  7895 | Orc:4    | Received a gift from Nemelex Xobeh
  7969 | Orc:4    | Gained mutation: You have sharp fingernails. [potion of beneficial mutation]
  8215 | Orc:4    | Noticed Nicoed's ghost (journeyman FoAr)
  8245 | Orc:4    | Killed Nicoed's ghost
  8245 | Orc:4    | Reached skill level 8 in Dodging
  8326 | Orc:4    | Reached skill level 5 in Stealth
  8394 | Orc:4    | Noticed an orc sorcerer
  8402 | Orc:4    | Killed an orc sorcerer
  8402 | Orc:4    | Reached skill level 5 in Armour
  8404 | Orc:4    | Noticed a stone giant
  8420 | Orc:4    | Killed a stone giant
  8420 | Orc:4    | Gained mutation: You regenerate a lot of health from kills. [demonic ancestry]
  8420 | Orc:4    | Reached XP level 11. HP: 45/84 MP: 6/16
  8427 | Orc:4    | Noticed an orc sorcerer
  8436 | Orc:4    | Killed an orc sorcerer
  8439 | Orc:4    | Noticed an ogre mage
  8444 | Orc:4    | Noticed an orc sorcerer
  8450 | Orc:4    | Killed an ogre mage
  8450 | Orc:4    | Reached skill level 1 in Throwing
  8466 | Orc:4    | Killed an orc sorcerer
  8474 | Orc:4    | Found Nuurchor's Magic Scroll Boutique.
  8493 | Orc:4    | Noticed an orc sorcerer
  8494 | Orc:4    | Found Yla Tieri's Gadget Shop.
  8497 | Orc:4    | Noticed a sun demon
  8530 | Orc:4    | Bought a plain deck of defence for 196 gold pieces
  8542 | Orc:4    | Found a radiant altar of Vehumet.
  8545 | Orc:4    | Noticed Erolcha
  8552 | Orc:4    | Found Guptuiji's Magic Scroll Boutique.
  8553 | Orc:4    | Killed Erolcha
  8562 | Orc:4    | Noticed an orc sorcerer
  8571 | Orc:4    | Noticed an orc sorcerer
  8571 | Orc:4    | Killed an orc sorcerer
  8572 | Orc:4    | Noticed an orc sorcerer
  8574 | Orc:4    | Paralysed by an orc sorcerer for 7 turns
  8584 | Orc:4    | Found a roughly hewn altar of Beogh.
  8586 | Orc:4    | Paralysed by an orc sorcerer for 7 turns
  8591 | Orc:4    | Killed from afar by an orc sorcerer

Action                   |  1- 3 |  4- 6 |  7- 9 | 10-12 || total
-------------------------+-------+-------+-------+-------++-------
Melee: Unarmed           |   197 |   245 |   554 |   178 ||  1174
       Short sword       |       |    12 |       |       ||    12
       Demon blade       |       |       |       |   235 ||   235
Throw: Tomahawk          |       |       |       |    17 ||    17
 Abil: Evoke Flight      |       |       |     1 |       ||     1
Evoke: Deck              |       |     9 |    34 |    28 ||    71
       Wand              |       |       |     2 |     2 ||     4
       Disc of storms    |       |       |     1 |    20 ||    21
  Use: Scroll            |       |       |     4 |    11 ||    15
       Potion            |       |       |     1 |    17 ||    18
 Stab: Sleeping          |     3 |    14 |     7 |     7 ||    31
       Distracted        |       |       |     3 |     4 ||     7
       Petrified         |       |       |     1 |       ||     1
  Eat: Bread ration      |       |     2 |     1 |     1 ||     4
       Royal jelly       |       |     1 |       |       ||     1
       Pizza             |       |       |     1 |       ||     1
       Chunk             |       |       |     1 |     1 ||     2
       Beef jerky        |       |       |     1 |       ||     1
       Fruit             |       |       |       |     3 ||     3
